 Dungeon Crawl Stone Soup version 0.28-a0-704-g4d584c6bc1 (webtiles) character file.

Game seed: 11102042302983120792

172 Crumbo the Covered (level 5, -4/47 HPs)
             Began as a Minotaur Fighter on Oct 24, 2021.
             Succumbed to a scorpion's poison
             ... on level 4 of the Dungeon.
             The game lasted 00:05:12 (2820 turns).

Crumbo the Covered (Minotaur Fighter)               Turns: 2820, Time: 00:05:12

Health: -4/47      AC: 10    Str: 21    XL:     5   Next: 27%
Magic:  4/4        EV: 10    Int:  5    God:
Gold:   137        SH:  4    Dex: 10    Spells: 4/4 levels left

rFire   . . .      SeeInvis .   a - +0 war axe
rCold   . . .      Faith    .   c - +0 buckler
rNeg    . . .      Spirit   .   b - +0 scale mail
rPois   .          Reflect  .   (helmet restricted)
rElec   .          Harm     .   (no cloak)
rCorr   .          Rampage  .   (no gloves)
Will    .....                   o - +2 pair of boots
Stlth   ..........              (no amulet)
HPRegen 0.15/turn               (no ring)
MPRegen 0.09/turn               (no ring)

@: lethally poisoned (-4 -> -26)
A: horns 2, retaliatory headbutt
a: no special abilities


You were on level 4 of the Dungeon.
You visited 1 branch of the dungeon, and saw 4 of its levels.

You collected 137 gold pieces.

Inventory:

Hand Weapons
 a - a +0 war axe (weapon)
Armour
 b - a +0 scale mail (worn)
 c - a +0 buckler (worn)
 o - a +2 pair of boots (worn)
Jewellery
 k - an amulet of magic regeneration
Scrolls
 i - a scroll of blinking {unknown}
 j - 2 scrolls of identify {unknown}
 l - a scroll of fear {unknown}
 m - a scroll of enchant armour {unknown}
Potions
 d - a potion of might
 e - 3 potions of lignification {unknown}
 f - a potion of berserk rage {unknown}
 g - 2 potions of heal wounds
 h - 2 potions of curing {unknown}
 n - 2 potions of degeneration {unknown}


   Skills:
 + Level 4.5 Fighting
 + Level 4.3 Axes
 + Level 5.0 Armour
 + Level 0.8 Dodging
 + Level 0.2 Stealth
 + Level 4.1 Shields


You had 4 spell levels left.
You didn't know any spells.
Your spell library contained the following spells:

 Spells                   Type           Power      Damage    Failure   Level
 Summon Guardian Golem    Hex/Summ       0%         N/A       99%         3
 Orb of Destruction       Conj           0%         N/A       100%        7
 Spellforged Servitor     Conj/Summ      0%         N/A       100%        7


Dungeon Overview and Level Annotations

Branches:
Dungeon (4/15)
 Temple: D:4-7

Altars:

Shops:
D:1 (=[(*


Innate Abilities, Weirdness & Mutations

You have a pair of horns on your head.
You reflexively headbutt those who attack you in melee.


Message History

The scorpion poisons you!
You hit the scorpion.
The scorpion is severely wounded.
You feel very sick. The scorpion closely misses you. The scorpion misses you.
You closely miss the scorpion.
The scorpion is heavily wounded.
You feel very sick. The scorpion barely misses you.
The scorpion stings you but does no damage.
You hit the scorpion but do no damage. Your headbutt misses the scorpion.
The scorpion is heavily wounded.
You feel sick.
The scorpion stings you but does no damage.
You closely miss the scorpion.
The scorpion is heavily wounded.
You feel sick. You block the scorpion's attack.
The scorpion closely misses you.
You hit the scorpion.
The scorpion is severely wounded.
You feel sick. The scorpion stings you!
You are more poisoned.
The scorpion poisons you!
You barely miss the scorpion.
The scorpion is severely wounded.
You feel very sick.
The scorpion stings you but does no damage.
The scorpion stings you!
* * * LOW HITPOINT WARNING * * *
You completely miss the scorpion. Your headbutt misses the scorpion.
The scorpion is severely wounded.
* * * LOW HITPOINT WARNING * * *
You feel very sick. The scorpion stings you!
* * * LOW HITPOINT WARNING * * *
You are more poisoned.
The scorpion poisons you!
You hit the scorpion but do no damage. Your headbutt misses the scorpion.
The scorpion is severely wounded.
You die...

#................#.....#...##
.
#...............#####.†#....#
#..........)..............8.#
#..........).....#####......#
#.[...#######....# #.....##
####### #....# #....## #....#
#...... #....#####.......
#...@............#
.....#.#s#.#.......##
................
......#.#.#.#..)
####............
#..#.#.#.#... #...........#
##.#.#.#.#..#


You could see a scorpion.

Vanquished Creatures
  An iguana (D:4)
  Natasha (thrice) (D:2)
  An adder (D:3)
  A shadow imp (D:3)
  A dart slug (D:3)
  4 bats
  An endoplasm (D:1)
  3 giant cockroaches
  7 goblins
  6 hobgoblins
  7 jackals
  A quokka (D:4)
  A ball python (D:3)
  3 frilled lizards
  6 kobolds
  4 rats
50 creatures vanquished.

Notes
Turn   | Place    | Note
-------+----------+-------------------------------------------
     0 | D:1      | Crumbo the Minotaur Fighter began the quest for the Orb.
     0 | D:1      | Reached XP level 1. HP: 19/19 MP: 0/0
   156 | D:1      | Found Ihysa's Armour Emporium.
   239 | D:1      | Found Fairrat's Jewellery Shop.
   281 | D:1      | Found Jirid's Weapon Shoppe.
   305 | D:1      | Reached XP level 2. HP: 23/27 MP: 1/1
   463 | D:1      | Found Mennis's Assorted Antiques.
   755 | D:1      | Found Xiguar's Antique Weapon Emporium.
   829 | D:1      | You fall into a shaft and drop 1 floor!
   871 | D:2      | Reached skill level 4 in Armour
   914 | D:2      | Noticed Natasha
   922 | D:2      | Killed Natasha
   923 | D:2      | Reached XP level 3. HP: 30/33 MP: 2/2
  1164 | D:2      | Noticed Natasha
  1175 | D:2      | Killed Natasha
  1176 | D:2      | Reached XP level 4. HP: 17/41 MP: 3/3
  1564 | D:2      | Noticed Natasha
  1582 | D:2      | Killed Natasha
  2116 | D:3      | Found a faded altar of an unknown god.
  2374 | D:3      | Reached XP level 5. HP: 47/47 MP: 4/4
  2787 | D:4      | Reached skill level 5 in Armour
  2819 | D:4      | HP: 2/47 [scorpion (8)]
  2820 | D:4      | Succumbed to a scorpion's poison

Illustrated notes

Levels and vault maps discovered:
D:1:      sevenhm_arrival_forest_fort_large_4, layout_loops_corners,
          serial_shops, shop, nicolae_shop_crystal, nicolae_shop_statue_plus,
          shop, nicolae_shop_statue_plus
D:2:      layout_basic, hex_large, minmay_misc_feat_roman, uniq_natasha
D:3:      layout_loops_ring, shapermc_ecumenical_altar_totnotflames
D:4:      layout_basic, serial_glass, glass_columns_a, glass_columns_b,
          glass_columns_c, glass_columns_c, glass_columns_a, glass_columns_c,
          glass_columns_a, glass_columns_b, minmay_misc_feat_diagonals,
          mrwooster_statue_mirror, minmay_diced_spiral

Skill      XL: |  1  2  3  4  5 |
---------------+----------------+-----
Fighting       | 4 |  4.5
Armour         | 4 5 |  5.0
Axes           | 3 4 |  4.3
Shields        | 4 |  4.1
Dodging        | |  0.8
Stealth        | |  0.2

Action                   |  1- 3 |  4- 6 || total
-------------------------+-------+-------++-------
Melee: War axe           |    42 |    70 ||   112
       Headbutt          |     5 |    12 ||    17
Armor: Scale mail        |    27 |    31 ||    58
Dodge: Dodged            |    30 |    28 ||    58
Block: Buckler           |    11 |    14 ||    25

Table legend: (Time is in decaauts)
 A = Elapsed time spent in this place.
 B = Non-inter-level travel time spent in this place.
 C = Inter-level travel time spent in this place.
 D = Time resting spent in this place.
 E = Time spent auto-exploring this place.
 F = Levels seen in this place.
 G = Mean time per level.
                   A        B        C        D        E       F      G
               +--------+--------+--------+--------+--------+-----+--------+
         Total |   2860 |   2860 |      0 |      0 |   2219 |   4 |  715.0 |
       Dungeon |   2860 |   2860 |      0 |      0 |   2219 |   4 |  715.0 |
               +--------+--------+--------+--------+--------+-----+--------+

Top non-repeatable levels by time:
     D:2: 927 daAuts
     D:3: 887 daAuts
     D:1: 836 daAuts
     D:4: 209 daAuts
